AoeStats
← Jazzmushroom

African Clearing

510455978Analyzed
4v4 RM · 9h ago on Oct 1, 2026· 29m 40s· 8 players
Game mode
Random Map
Map size
Large (8 player)
Population
200
Speed
Normal
Resources
Standard
Victory
Conquest
Starting age
Dark Age
Ending age
Imperial Age
RankedLock teamsTeams togetherTeam positionsShared explorationLock speedFull tech treeHidden civsTurbo modeCheats
Victory
Defeat
🇺🇸 Muisca · United States
1398
+7
🇨🇳 Khmer · China
1320
+9
🇺🇸 Franks · United States
1295
+10
🇺🇸 Cumans · United States
1168
+14
🇦🇷 Bengalis · Argentina
1193
-12
🇦🇷 Spanish · Argentina
1161
-10
🇦🇷 Magyars · Argentina
1151
-10
🇦🇷 Portuguese · Argentina
1100
-8
Jazzmushroom
5:07 Loom
13:19 Feudal Age
14:12 Double-Bit Axe
15:27 Town Watch
17:27 Fletching
20:55 Stone Mining
24:23 Castle Age
25:28 Bodkin Arrow
27:15 Wheelbarrow
27:24 Gold Mining
VZ | TheeChosen
4:12 Loom
14:41 Feudal Age
19:48 Castle Age
17:35 Double-Bit Axe
19:33 Scale Barding Armor
21:01 Chain Barding Armor
30:00 Forging
630406632
5:55 Loom
12:57 Feudal Age
18:37 Castle Age
17:20 Horse Collar
19:16 Double-Bit Axe
20:08 Bow Saw
23:06 Gold Mining
24:07 Wheelbarrow
26:53 Stone Mining
28:33 Heavy Plow
I'm Trying My Best
3:43 Loom
15:54 Feudal Age
16:39 Double-Bit Axe
21:48 Castle Age
19:50 Horse Collar
22:47 Bloodlines
22:45 Scale Barding Armor
24:45 Wheelbarrow
25:02 Bow Saw
26:50 Forging
27:03 Heavy Plow
27:43 Chain Barding Armor
30:43 Iron Casting
merk0
9:50 Loom
13:45 Feudal Age
14:25 Double-Bit Axe
15:11 Horse Collar
23:02 Castle Age
edgun
4:49 Loom
17:01 Feudal Age
19:25 Double-Bit Axe
PeeluK4
12:52 Loom
16:10 Feudal Age
22:28 Castle Age
Escaracho
12:05 Loom
16:26 Feudal Age
18:09 Double-Bit Axe
23:06 Castle Age
24:13 Bow Saw
26:55 Wheelbarrow
Connection lost

Rejoining the realm…

Still unreachable

The connection could not be restored.

Session expired

The server has moved on; the page needs a fresh start.